Map: [ESL] Oceanborn

Players

Lambo - Winner!

  • Race: Zerg Zerg
  • Spawn Location: 5:00

Astrea

  • Race: Protoss Protoss
  • League: Master
  • Spawn Location: 11:00

Event: HomeStory Cup XXIV

VOD

Have the link to the VOD?

Description

Time

  • Played on: Dec. 1, 2023, 1:37 p.m.
  • Length: 11:46

All games in this series

Show
View Real Time Build Order
Export as new Build Order

Lambo Zerg - Winner!

Build Orders: Hatch First 

Get SALT Encoding   

  12  0:00  Drone  
  13  0:12  Overlord  
  13  0:17  Drone  
  14  0:30  Drone x2  
  16  0:47  Hatchery  
  15  0:50  Drone  
  15  0:54  Drone  
  17  0:59  Drone  
  18  1:10  Extractor  
  17  1:13  Spawning Pool  
  17  1:17  Drone  
  17  1:19  Drone  
  18  1:28  Drone  
  19  1:39  Drone  
  20  1:51  Overlord  
  20  1:59  Queen  
  20  2:00  Queen  
  24  2:01  Drone  
  24  2:03  Zergling x2  
  26  2:11  Metabolic Boost  
  26  2:13  Drone  
  26  2:14  Zergling x2  
  28  2:21  Drone x2  
  30  2:33  Drone x2  
  32  2:39  Hatchery  
  32  2:42  Drone  
  32  2:47  Queen  
  34  2:51  Overlord  
  34  2:56  Zergling x2, Drone  
  36  3:09  Queen  
  36  3:13  Drone x4  
  36  3:15  Drone x2  
  42  3:20  Overlord  
  42  3:23  Drone  
  42  3:26  Drone  
  44  3:33  Overlord  
  44  3:38  Queen  
  46  3:42  Overlord  
  46  3:43  Drone x2  
  46  3:45  Drone  
  49  3:50  Queen  
  49  3:54  Drone x2  
  53  3:57  Drone x3  
  53  4:00  Drone x2  
  58  4:03  Zergling x2  
  58  4:06  Spore Crawler  
  58  4:07  Drone  
  58  4:09  Drone x2  
  61  4:12  Spore Crawler  
  61  4:15  Drone x2, Evolution Chamber  
  62  4:21  Spore Crawler  
  62  4:23  Drone x4  
  66  4:26  Lair  
  66  4:33  Overlord  
  66  4:34  Overlord  
  66  4:37  Roach Warren  
  66  4:38  Drone, Extractor  
  66  4:39  Extractor  
  66  4:43  Drone x3  
  66  4:55  Drone x6  
  66  4:56  Drone  
  66  4:58  Zergling x2  
  66  4:59  Zergling x2  
  75  5:02  Pneumatized Carapace  
  75  5:03  Extractor  
  75  5:06  Overlord  
  73  5:07  Spore Crawler  
  73  5:11  Overlord  
  72  5:15  Overlord  
  72  5:20  Roach x4  
  80  5:21  Overlord  
  80  5:22  Overlord  
  80  5:23  Overlord  
  80  5:31  Roach x3  
  86  5:36  Zergling x12, Roach  
  94  5:44  Zergling x4  
  94  5:46  Queen  
  94  5:47  Overlord  
  94  5:48  Zergling x6  
  101  5:53  Zergling x8  
  101  5:54  Ravager x2  
  107  6:04  Zergling x6  
  110  6:06  Ravager x2  
  111  6:12  Zergling x2, Ravager  
  113  6:22  Ravager  
  109  6:26  Zergling x2  
  109  6:27  Zergling x16  
  109  6:31  Zergling x2  
  109  6:32  Queen x3  
  115  6:46  Drone x7  
  120  6:50  Spire  
  120  6:51  Extractor  
  120  6:53  Drone x5  
  119  7:00  Ravager  
  118  7:08  Drone x5, Queen  
  122  7:15  Drone x4  
  127  7:18  Drone  
  121  7:27  Drone x4  
  111  7:33  Extractor  
  111  7:35  Queen x2  
  111  7:36  Zergling x6  
  104  7:42  Glial Reconstitution  
  104  7:43  Zergling x12  
  110  7:45  Spore Crawler  
  110  7:47  Hatchery  
  105  7:52  Overlord  
  105  7:53  Overlord x2  
  105  8:02  Overlord  
  105  8:10  Corruptor x7  
  121  8:18  Corruptor x2  
  121  8:19  Evolution Chamber  
  122  8:20  Roach x2  
  122  8:22  Corruptor  
  128  8:29  Roach x3  
  134  8:36  Roach, Overlord  
  134  8:38  Overlord  
  136  8:43  Overlord  
  136  8:44  Overlord  
  136  8:45  Overlord  
  136  8:47  Overlord  
  135  8:52  Roach  
  135  8:55  Overlord  
  137  8:58  Overlord  
  137  9:05  Roach x9  
  137  9:07  Ravager  
  137  9:08  Ravager x3  
  137  9:09  Queen  
  159  9:15  Roach  
  159  9:16  Roach x2  
  167  9:18  Zergling x6  
  168  9:25  Zergling x10  
  168  9:28  Zergling x6  
  168  9:29  Ravager x3  
  178  9:35  Zergling x10  
  176  9:48  Corruptor x4  
  171  10:01  Roach x7  
  174  10:08  Corruptor x2  
  174  10:13  Corruptor  
  163  10:17  Zergling x16  
  151  10:30  Corruptor x3  
  151  10:31  Queen x2  
  148  10:36  Queen x2  
  148  10:41  Roach  
  148  10:42  Zergling x14, Roach  
  153  10:46  Corruptor  
  147  10:51  Zergling x6  
  146  10:57  Corruptor  
  146  11:00  Zergling x6  
  146  11:01  Corruptor x2  
  152  11:07  Queen, Corruptor  
  152  11:09  Zergling x8  
  154  11:14  Corruptor  
  154  11:17  Zergling x4  
  154  11:18  Ravager x2  
  154  11:24  Zergling x8  
  155  11:27  Ravager  
Show
View Real Time Build Order
Export as new Build Order

Astrea Protoss 

Build Orders: 1 Gate Expand, Oracle Opening 

Get SALT Encoding   

  12  0:00  Probe  
  13  0:12  Probe  
  14  0:17  Pylon  
  14  0:24  Probe (Chrono Boost)  
  15  0:36  Probe (Chrono Boost)  
  15  0:37  Gateway  
  16  0:44  Probe (Chrono Boost)  
  16  0:48  Assimilator  
  17  0:51  Probe  
  18  1:03  Probe  
  19  1:15  Probe  
  20  1:23  Nexus  
  20  1:27  Probe  
  21  1:35  Cybernetics Core  
  21  1:41  Assimilator  
  21  1:44  Probe  
  22  1:51  Pylon  
  22  1:58  Probe (Chrono Boost)  
  23  2:09  Adept (Chrono Boost)  
  23  2:10  Probe (Chrono Boost)  
  26  2:18  Probe (Chrono Boost)  
  26  2:19  Stargate  
  27  2:25  Probe (Chrono Boost)  
  27  2:28  Warp Gate  
  28  2:33  Adept  
  28  2:35  Probe (Chrono Boost)  
  32  2:42  Probe (Chrono Boost)  
  33  2:44  Probe (Chrono Boost)  
  33  2:49  Probe x2 (Chrono Boost)  
  35  3:01  Probe x2  
  35  3:05  Void Ray (Chrono Boost), Pylon  
  41  3:13  Probe x2  
  43  3:25  Probe x2  
  45  3:30  Nexus  
  45  3:36  Oracle (Chrono Boost)  
  45  3:37  Probe x2  
  50  3:44  Pylon  
  50  3:49  Probe x2  
  50  3:52  Assimilator  
  50  3:54  Assimilator  
  52  4:01  Probe x2  
  54  4:06  Pylon  
  54  4:13  Probe x2  
  56  4:24  Fleet Beacon  
  56  4:25  Probe, Adept  
  56  4:26  Shield Battery, Probe  
  56  4:30  Stargate  
  60  4:38  Probe x2 (Chrono Boost)  
  62  4:45  Adept  
  62  4:46  Probe (Chrono Boost)  
  67  4:55  Probe (Chrono Boost)  
  67  4:56  Probe (Chrono Boost)  
  67  4:57  Probe (Chrono Boost)  
  68  5:02  Probe x3 (Chrono Boost)  
  71  5:10  Carrier (Chrono Boost), Pylon  
  71  5:14  Probe x2  
  79  5:15  Pylon  
  85  5:27  Assimilator  
  85  5:28  Probe x2  
  85  5:29  Probe  
  85  5:31  Assimilator, Forge  
  85  5:32  Twilight Council  
  88  5:37  Gateway  
  88  5:38  Gateway  
  88  5:40  Gateway  
  88  5:46  Gateway  
  88  5:54  Probe  
  88  5:55  Probe  
  90  5:58  Gateway  
  90  6:03  Protoss Ground Weapons Level 1, Stalker  
  92  6:07  Pylon  
  92  6:08  Pylon  
  92  6:12  Carrier  
  92  6:14  Blink (Chrono Boost)  
  98  6:28  Stalker  
  91  6:39  Probe x3  
  82  6:46  Stalker x4  
  81  6:53  Probe x3  
  71  7:03  Stalker x2  
  71  7:05  Probe  
  71  7:16  Stalker x2  
  71  7:19  Pylon  
  71  7:20  Pylon  
  66  7:30  Probe x2  
  63  7:42  Cybernetics Core, Probe x2  
  73  7:45  Carrier x2 (Chrono Boost)  
  77  7:54  Probe x2  
  79  8:03  Nexus  
  79  8:06  Probe x2  
  81  8:18  Probe x2  
  83  8:25  Gateway  
  83  8:30  Probe x2  
  85  8:35  Stalker x4  
  93  8:42  Probe  
  93  8:47  Probe  
  95  8:54  Probe  
  86  8:56  Shield Battery  
  86  9:00  Stalker x2  
  86  9:01  Shield Battery, Stalker  
  92  9:06  Probe  
  92  9:07  Stalker  
  96  9:10  Probe (Chrono Boost)  
  96  9:15  Probe (Chrono Boost)  
  97  9:18  Probe (Chrono Boost)  
  97  9:22  Probe (Chrono Boost)  
  99  9:26  Probe (Chrono Boost)  
  99  9:27  Sentry x4  
  99  9:28  Probe (Chrono Boost)  
  99  9:29  Probe (Chrono Boost)  
  107  9:34  Stalker, Probe x2  
  109  9:43  Shield Battery  
  107  9:45  Shield Battery  
  107  9:51  Stalker x3  
  107  9:52  Stalker  
  109  10:01  Stalker  
  92  10:14  Probe  
  84  10:22  Stalker x4  
  84  10:23  Probe x2  
  84  10:26  Probe  
  91  10:35  Probe x2  
  91  10:38  Probe  
  83  10:47  Stalker x5  
  56  11:12  Stalker x5  
  61  11:35  Stalker x4  
  61  11:36  Stalker  
Tags
 
Add a new tag
Caveats
  • Supply blocks, unpowered buildings, or Contaminate may cause inaccurate times.
  • Supply counts are checked every 10 seconds.